Map: Abyssal Reef LE

Players

RollingRock - Winner!

  • Race: Zerg Zerg
  • League: Platinum
  • Spawn Location: 5:00

Storm

  • Race: Terran Terran
  • Spawn Location: 11:00

VOD

Have the link to the VOD?

Description

Taximity in Twich, RollingRock in game. :)

Time

  • Played on: Nov. 18, 2017, 3:39 p.m.
  • Length: 14:55
Show
View Real Time Build Order
Export as new Build Order

RollingRock Zerg - Winner!

Build Orders: Pool First 

Get SALT Encoding   

  12  0:01  Drone  
  13  0:08  Drone  
  14  0:18  Overlord  
  14  0:23  Extractor  
  14  0:24  Drone  
  15  0:36  Drone x2  
  17  0:46  Extractor  
  17  0:49  Spawning Pool  
  15  0:52  Drone  
  16  1:01  Drone  
  17  1:08  Drone  
  18  1:20  Drone  
  19  1:30  Hatchery  
  18  1:39  Queen  
  20  1:44  Zergling x2  
  21  1:47  Zergling x2  
  22  1:57  Overlord  
  22  2:19  Hatchery  
  22  2:21  Drone  
  22  2:29  Metabolic Boost  
  22  2:32  Drone  
  22  2:36  Drone  
  24  2:47  Queen  
  26  3:11  Drone x3  
  26  3:12  Drone x5  
  34  3:33  Roach Warren  
  33  3:36  Zergling x6  
  33  3:37  Zergling x2  
  37  3:45  Lair  
  37  3:46  Queen  
  39  3:58  Drone  
  39  3:59  Drone x2  
  39  4:00  Overlord  
  42  4:05  Extractor  
  41  4:14  Extractor, Spore Crawler, Evolution Chamber  
  41  4:15  Extractor, Spore Crawler  
  36  4:24  Drone x4  
  36  4:25  Drone  
  36  4:30  Drone x2  
  43  4:37  Queen  
  45  4:50  Zerg Ground Armor Level 1  
  45  4:53  Drone  
  45  4:54  Drone  
  45  4:58  Roach  
  49  5:11  Drone  
  50  5:25  Spire  
  50  5:27  Spore Crawler  
  48  5:28  Spore Crawler  
  48  5:29  Drone x3  
  48  5:30  Overlord  
  50  5:48  Drone  
  50  5:49  Drone x6  
  57  5:50  Drone  
  57  5:51  Overlord  
  58  5:58  Overlord x2  
  58  6:14  Roach x4  
  58  6:17  Roach  
  58  6:18  Roach  
  70  6:24  Drone x3  
  70  6:25  Drone  
  74  6:29  Drone x2  
  74  6:30  Drone  
  77  6:48  Drone x5  
  77  6:49  Overlord x2  
  76  7:27  Mutalisk x8  
  76  7:28  Mutalisk x3  
  97  7:30  Overlord x4  
  86  8:04  Mutalisk x3  
  86  8:05  Mutalisk x2  
  96  8:14  Queen  
  96  8:15  Queen x2  
  102  8:50  Queen  
  104  9:16  Roach  
  106  9:17  Roach x8  
  106  9:18  Overlord  
  106  9:19  Nydus Network, Overlord x4  
  116  9:47  Overseer x2  
  116  9:50  Pneumatized Carapace  
  116  9:52  Drone  
  117  9:53  Drone x8  
  125  10:02  Extractor x2  
  125  10:04  Drone  
  124  10:11  Hatchery  
  123  10:42  Infestation Pit  
  122  10:47  Overseer  
  122  10:49  Roach  
  132  10:50  Roach x15  
  154  11:29  Queen x2  
  154  11:30  Queen  
  160  11:48  Nydus Canal  
  160  12:30  Hive, Pathogen Glands  
  160  12:36  Overlord x4  
  160  12:37  Overlord x3  
  138  13:34  Roach  
  138  13:35  Roach, Zergling x4  
  138  13:36  Roach x4, Zergling x8  
  138  13:37  Roach x5, Zergling x8  
  131  14:02  Zergling x2  
  131  14:03  Zergling x10  
  122  14:27  Mutalisk x3  
  122  14:28  Mutalisk x4  
  134  14:36  Zergling x4  
Show
View Real Time Build Order
Export as new Build Order

Storm Terran 

Build Orders:  

Get SALT Encoding   

  12  0:01  SCV  
  13  0:13  SCV  
  14  0:25  SCV  
  14  0:26  Supply Depot  
  15  0:43  Refinery  
  15  0:48  SCV  
  16  0:56  Barracks  
  16  1:06  SCV  
  17  1:23  SCV  
  18  1:32  Barracks  
  18  1:35  SCV  
  19  1:46  Marine  
  20  1:53  Orbital Command  
  20  2:02  Supply Depot  
  20  2:04  Marine  
  21  2:20  Factory  
  21  2:21  Marine  
  22  2:24  Barracks Reactor  
  22  2:33  Refinery  
  22  2:35  SCV  
  23  2:39  Marine  
  24  2:47  SCV  
  25  2:57  Marine  
  26  3:03  Marine x2  
  28  3:11  Factory Tech Lab  
  28  3:15  Marine  
  28  3:19  Starport  
  29  3:20  Marine x2  
  29  3:26  Starport  
  31  3:28  Supply Depot  
  31  3:31  Supply Depot  
  31  3:49  Siege Tank, Marine  
  35  4:02  Starport Tech Lab  
  35  4:04  Starport Tech Lab  
  35  4:07  Marine  
  36  4:22  Marine x2  
  38  4:36  Command Center  
  38  4:41  Raven  
  40  4:57  Banshee  
  43  5:03  Cloaking Field  
  43  5:15  SCV  
  44  5:27  SCV  
  45  5:39  SCV  
  46  5:48  Banshee  
  49  5:51  SCV  
  50  6:03  Engineering Bay, SCV  
  51  6:18  Armory  
  51  6:22  Orbital Command  
  51  6:29  Banshee  
  51  6:30  Banshee  
  57  6:56  Terran Infantry Weapons Level 1  
  57  7:00  Barracks Reactor  
  57  7:01  Marine  
  57  7:02  Marine  
  59  7:19  Marine x2  
  51  8:12  Missile Turret  
  51  8:14  Missile Turret x2  
  51  8:18  SCV  
  52  8:25  Terran Ship Weapons Level 1  
  52  8:28  Thor  
  52  8:31  SCV  
  52  8:33  Marine x2  
  61  8:43  SCV  
  57  8:51  Marine x2  
  57  8:55  SCV  
  57  9:07  SCV  
  57  9:09  Marine x2  
  59  9:17  Starport Tech Lab x2  
  59  9:26  Marine x2  
  59  9:30  Thor  
  61  9:45  Marine  
  62  9:54  Refinery  
  62  9:56  Refinery  
  62  10:00  Missile Turret x2  
  62  10:31  Supply Depot  
  62  10:33  Supply Depot  
  62  10:34  Supply Depot  
  62  10:35  Supply Depot  
  62  10:52  Thor, Marine x2  
  62  10:54  Marine x2  
  62  10:55  Viking  
  74  10:58  SCV  
  75  11:06  Viking  
  75  11:10  SCV, Marine x2  
  80  11:12  Marine x2  
  82  11:22  SCV  
  82  11:25  Viking  
  85  11:28  Marine x2  
  85  11:30  Marine x2  
  89  11:34  SCV  
  89  11:36  Viking  
  89  11:37  SCV  
  93  11:45  Marine  
  94  11:47  Terran Ship Weapons Level 2  
  94  12:43  Supply Depot  
  94  12:44  Supply Depot  
  94  12:46  Supply Depot  
  94  12:51  Missile Turret  
  94  13:04  Thor  
  94  13:05  Viking, Marine x4  
  102  13:06  Viking, SCV x2  
  104  13:18  SCV  
  100  13:23  Marine x4  
  76  13:35  Viking x2  
  71  13:41  Marine x4  
  71  13:47  Thor  
  50  14:04  Marine x4  
  36  14:22  Marine x4  
Tags
 
League
Platinum
Matchup
TvZ
Opening
Pool First
Spawn Locations
Cross Positions
Add a new tag
Caveats
  • Supply blocks, unpowered buildings, or Contaminate may cause inaccurate times.
  • Supply counts are checked every 10 seconds.